[Event "White Rook U14 Final 2019"]
[Site "Sochi"]
[Date "2019.06.06"]
[Round "4.23"]
[White "Hrbek, Jachym"]
[Black "Abubekerov, Iliya"]
[Result "1-0"]
[ECO "A14"]
[WhiteElo "1394"]
[BlackElo "1199"]
[Annotator "NA RC"]
[PlyCount "169"]
[EventDate "2019.06.02"]
[EventCountry "RUS"]
[SourceTitle "playchess.com"]
[Source "ChessBase"]
[SourceQuality "1"]
[TimeControl "5400+30"]

1. Nf3 d5 2. g3 Nf6 3. Bg2 e6 4. d3 c5 5. O-O Nc6 6. Nbd2 Be7 7. c4 O-O 8. b3 d4 9. Bb2 e5 10. Re1 Bf5 11. h3 h5 12. Qc2 Nb4 13. Qb1 Nc6 14. e3 Qd7 15. exd4 exd4 16. Kh2 Nb4 17. Ne5 Qc7 18. a3 Nc6 19. Nxc6 bxc6 20. Bxc6 Qxc6 21. Rxe7 Be6 22. b4 Rfb8 23. Qh1 Qc8 24. Ne4 Kf8 25. Rxe6 fxe6 26. Nxc5 e5 27. Qf3 a5 28. Re1 axb4 29. Rxe5 Kg8 30. axb4 Qd8 31. b5 Qd6 32. Qf4 Rf8 33. Qxd4 Qxd4 34. Bxd4 Rf7 35. Kg2 Nd7 36. Rxh5 Nxc5 37. Rxc5 Ra3 38. b6 Rxd3 39. Be5 Rdf3 40. Bf4 Rb3 41. Rc8+ Kh7 42. c5 Rb2 43. Rb8 g5 44. Be3 Re7 45. c6 Rxe3 46. c7 Ree2 47. Rh8+ Kg7 48. Rf8 Rec2 49. c8=Q Rxc8 50. Rxc8 Rxb6 51. Rc5 Kg6 52. g4 Rb4 53. Rf5 Rd4 54. Kg3 Rd3+ 55. f3 Rd1 56. Re5 Rd6 57. h4 gxh4+ 58. Kxh4 Rd8 59. Kg3 Rd6 60. Kf4 Rd4+ 61. Re4 Rd6 62. Ke5 Rd8 63. f4 Re8+ 64. Kd4 Rd8+ 65. Ke3 Ra8 66. Re6+ Kf7 67. f5 Ra1 68. Kf4 Ra4+ 69. Kg5 Ra8 70. Rf6+ Kg7 71. Rg6+ Kf7 72. Re6 Rg8+ 73. Kf4 Ra8 74. g5 Ra4+ 75. Re4 Ra1 76. g6+ Kf6 77. Re6+ Kg7 78. Re7+ Kf8 79. Rf7+ Kg8 80. Kg5 Rg1+ 81. Kf6 Rf1 82. Re7 Kf8 83. g7+ Kg8 84. Re8+ Kh7 85. Rh8# 1-0

[Event "White Rook U14 Final 2019"]
[Site "Sochi"]
[Date "2019.06.06"]
[Round "4.24"]
[White "Kulish, Glafira"]
[Black "Hrbkova, Johana"]
[Result "1/2-1/2"]
[ECO "D26"]
[WhiteElo "1379"]
[BlackElo "1085"]
[Annotator "NA RC"]
[PlyCount "149"]
[EventDate "2019.06.02"]
[EventCountry "RUS"]
[SourceTitle "playchess.com"]
[Source "ChessBase"]
[SourceQuality "1"]
[TimeControl "5400+30"]

1. d4 d5 2. c4 dxc4 3. Nf3 Nf6 4. e3 e6 5. Bxc4 Be7 6. O-O c5 7. dxc5 Qxd1 8. Rxd1 Bxc5 9. Bd2 Nbd7 10. Ne1 b6 11. Nd3 Bb7 12. Nc3 O-O 13. Nxc5 Nxc5 14. b4 Nce4 15. Nxe4 Nxe4 16. f3 Nd6 17. Bb3 Rac8 18. a4 a6 19. b5 axb5 20. Bb4 Nc4 21. Bxf8 Kxf8 22. e4 bxa4 23. Bxa4 f5 24. Bb3 fxe4 25. Rac1 b5 26. fxe4 Bxe4 27. Rd4 Bd5 28. Bxc4 bxc4 29. Rg4 c3 30. Kf2 c2 31. Ke3 Bb3 32. Rf4+ Ke7 33. Rf2 Rd8 34. Rd2 Rb8 35. Rd3 Ba4 36. Rc3 Rb1 37. R3xc2 Bxc2 38. Rxc2 Kf6 39. Kf3 Kf5 40. Rc7 Kf6 41. Rc2 Rh1 42. h3 Rf1+ 43. Ke2 Rf4 44. Ke3 Rf5 45. Ke4 Kg5 46. Rc7 Kg6 47. Rc6 Kf6 48. Rc2 g5 49. g4 Rf4+ 50. Ke3 Kg6 51. Rc6 Rf6 52. Ke4 h5 53. gxh5+ Kxh5 54. Ke5 Rf5+ 55. Ke4 Rf6 56. Ke5 Rf5+ 57. Ke4 Rf4+ 58. Ke3 Kh4 59. Rxe6 Kxh3 60. Rh6+ Kg4 61. Rh1 Rf5 62. Ke4 Rf7 63. Rg1+ Kh5 64. Rh1+ Kg6 65. Rg1 Rg7 66. Kf3 Kf5 67. Ra1 g4+ 68. Kg3 Kg5 69. Ra4 Kh5 70. Ra8 Rg6 71. Rh8+ Kg5 72. Ra8 Kf5 73. Ra5+ Ke4 74. Ra4+ Kf5 75. Ra5+ 1/2-1/2

[Event "White Rook U14 Final 2019"]
[Site "Sochi"]
[Date "2019.06.06"]
[Round "4.25"]
[White "Mertsalov, Roman"]
[Black "Shakhov, Dmitriy"]
[Result "1-0"]
[ECO "D02"]
[WhiteElo "1349"]
[BlackElo "1624"]
[Annotator "NA RC"]
[PlyCount "73"]
[EventDate "2019.06.02"]
[EventCountry "RUS"]
[SourceTitle "playchess.com"]
[Source "ChessBase"]
[SourceQuality "1"]
[TimeControl "5400+30"]

1. d4 d5 2. Nf3 e6 3. Bf4 Nf6 4. e3 c5 5. Bb5+ Bd7 6. Bxd7+ Nbxd7 7. O-O Rc8 8. Ne5 Be7 9. Nd2 cxd4 10. exd4 Qb6 11. Nb3 O-O 12. c3 Qa6 13. Bg5 Bd6 14. Re1 Bxe5 15. dxe5 Ne4 16. Rxe4 dxe4 17. Qxd7 Qe2 18. Rd1 h6 19. Be7 Rfe8 20. Rf1 Qxb2 21. Qxb7 Qxa2 22. Nc5 Qa3 23. Qd7 a5 24. h3 Ra8 25. Bd6 Qxc3 26. Na4 Qd4 27. Qb5 Red8 28. Nb6 Ra7 29. Nc4 Rc8 30. Nb6 Rc2 31. Nd7 Qb2 32. Qa4 e3 33. Ba3 Qa2 34. Nf6+ gxf6 35. Qg4+ Kh8 36. exf6 exf2+ 37. Kh1 1-0

[Event "White Rook U14 Final 2019"]
[Site "Sochi"]
[Date "2019.06.06"]
[Round "4.26"]
[White "Bratov, Ademir"]
[Black "Mertsalov, Semen"]
[Result "1-0"]
[ECO "B50"]
[WhiteElo "1725"]
[BlackElo "1477"]
[Annotator "NA RC"]
[PlyCount "127"]
[EventDate "2019.06.02"]
[EventCountry "RUS"]
[SourceTitle "playchess.com"]
[Source "ChessBase"]
[SourceQuality "1"]
[TimeControl "5400+30"]

1. e4 c5 2. Nf3 d6 3. c3 Nf6 4. h3 Nc6 5. Bd3 a6 6. O-O e6 7. Bc2 Be7 8. Re1 O-O 9. d4 cxd4 10. cxd4 e5 11. d5 Nb4 12. Bb3 a5 13. Nc3 Na6 14. Be3 Bd7 15. Nxe5 dxe5 16. d6 h6 17. dxe7 Qxe7 18. Nd5 Nxd5 19. exd5 Qd6 20. Rc1 Rfc8 21. Qd2 a4 22. Bc2 Nb4 23. Bb1 Nxd5 24. Rxc8+ Rxc8 25. Rd1 Be6 26. Be4 Rd8 27. Qa5 f5 28. Bxd5 Bxd5 29. Bc5 Qd7 30. Bb6 Rc8 31. Qxd5+ Qxd5 32. Rxd5 Rc2 33. Rb5 g6 34. Kf1 e4 35. Ke1 Rc1+ 36. Kd2 Rh1 37. Be3 Rh2 38. g3 Rxh3 39. Rxb7 Rh1 40. Rb4 h5 41. Rxa4 h4 42. gxh4 Rxh4 43. Ke2 Rg4 44. Rd4 Kf7 45. b4 Ke6 46. b5 Rh4 47. b6 Rh8 48. Bf4 Rh7 49. Bc7 Rh1 50. b7 Ra1 51. b8=Q Rxa2+ 52. Rd2 Ra3 53. Qg8+ Kf6 54. Bd8+ Ke5 55. Rd5+ Kf4 56. Bc7+ Kg5 57. Qd8+ Kg4 58. Bg3 Ra2+ 59. Rd2 Rxd2+ 60. Qxd2 g5 61. Qd7 Kh3 62. Qxf5+ g4 63. Qh5+ Kg2 64. Qh2# 1-0

[Event "White Rook U14 Final 2019"]
[Site "Sochi"]
[Date "2019.06.06"]
[Round "4.27"]
[White "Moshkin, Aleksandr"]
[Black "Druchenko, Mikhail"]
[Result "0-1"]
[ECO "A07"]
[WhiteElo "1462"]
[BlackElo "1774"]
[Annotator "NA RC"]
[PlyCount "144"]
[EventDate "2019.06.02"]
[EventCountry "RUS"]
[SourceTitle "playchess.com"]
[Source "ChessBase"]
[SourceQuality "1"]
[TimeControl "5400+30"]

1. e4 e5 2. Nf3 Nc6 3. g3 Nf6 4. d3 d5 5. Nbd2 Be6 6. Bg2 Bc5 7. O-O O-O 8. c3 a5 9. Qe2 dxe4 10. dxe4 Qe7 11. h3 h6 12. Nh4 Qd7 13. Kh2 g5 14. Nhf3 Kh7 15. Nc4 Bd6 16. Nxd6 cxd6 17. Nxg5+ hxg5 18. Bxg5 Ng8 19. Qh5+ Kg7 20. Be3 f6 21. f4 Qf7 22. Qh4 Rfc8 23. f5 Bxa2 24. Bf3 Bb3 25. Bh5 Qe7 26. g4 Bf7 27. g5 Bxh5 28. Qxh5 Qf7 29. Qh4 fxg5 30. Bxg5 Kf8 31. Rad1 Rd8 32. Bxd8 Rxd8 33. f6 Rd7 34. Rd5 a4 35. Qf2 Qe6 36. Rd3 Rf7 37. Rf3 Qc4 38. Qe3 Qb3 39. R1f2 Qe6 40. Qg5 Nb8 41. Qg4 Qc4 42. h4 Nd7 43. Rd2 Ndxf6 44. Qf5 Nxe4 45. Qxf7+ Qxf7 46. Rxf7+ Kxf7 47. Rd5 Ngf6 48. Rb5 Nc5 49. Kg3 Kg6 50. Rb6 Kh5 51. Kh3 Nfe4 52. Rb5 Nd2 53. Ra5 Nc4 54. Ra8 Nxb2 55. Rh8+ Kg6 56. Kg4 a3 57. Rf8 Ne6 58. Ra8 Nc4 59. h5+ Kh7 60. Ra7 Nc5 61. Kg5 e4 62. Kf4 e3 63. Ra8 e2 64. Re8 Ne5 65. Kg5 e1=Q 66. Re7+ Kg8 67. Rg7+ Kxg7 68. h6+ Kf7 69. h7 Qg3+ 70. Kh5 Qh2+ 71. Kg5 Ne6+ 72. Kf5 Qf4# 0-1

[Event "White Rook U14 Final 2019"]
[Site "Sochi"]
[Date "2019.06.06"]
[Round "4.28"]
[White "Kuskova, Ruslana"]
[Black "Shirokova, Sofiya"]
[Result "0-1"]
[ECO "B50"]
[WhiteElo "1177"]
[BlackElo "1539"]
[Annotator "NA RC"]
[PlyCount "90"]
[EventDate "2019.06.02"]
[EventCountry "RUS"]
[SourceTitle "playchess.com"]
[Source "ChessBase"]
[SourceQuality "1"]
[TimeControl "5400+30"]

1. e4 c5 2. Nf3 d6 3. c3 Nf6 4. h3 Nc6 5. Bd3 g6 6. Bc2 Bg7 7. O-O O-O 8. d4 cxd4 9. cxd4 Nb4 10. Bb3 a5 11. a3 Na6 12. Nc3 Nd7 13. Be3 e5 14. Rc1 b6 15. Re1 Bb7 16. Bg5 Bf6 17. Bxf6 Qxf6 18. Bd5 Rab8 19. Bxb7 Rxb7 20. Nd5 Qd8 21. Qd2 Re8 22. Rc2 Nf6 23. dxe5 dxe5 24. Nxf6+ Qxf6 25. Rec1 Nc5 26. Qe3 a4 27. Nd2 Rd8 28. Rc3 Rd4 29. b4 axb3 30. Nxb3 Rxe4 31. Qd2 Nxb3 32. Rxb3 Rd4 33. Qc2 Rbd7 34. Rf3 Qd6 35. Rb3 e4 36. g3 Rd3 37. Re1 Qd5 38. Rbb1 b5 39. Rbc1 Qd4 40. Kh2 Rd2 41. Qc5 Rxf2+ 42. Kh1 Qd2 43. Qc8+ Rd8 44. Re2 Rxe2 45. Kg1 Rf2 0-1

[Event "White Rook U14 Final 2019"]
[Site "Sochi"]
[Date "2019.06.06"]
[Round "4.29"]
[White "Sizov, Lev"]
[Black "Medvedev, Maxim"]
[Result "1-0"]
[ECO "E94"]
[WhiteElo "1692"]
[BlackElo "1574"]
[Annotator "NA RC"]
[PlyCount "67"]
[EventDate "2019.06.02"]
[EventCountry "RUS"]
[SourceTitle "playchess.com"]
[Source "ChessBase"]
[SourceQuality "1"]
[TimeControl "5400+30"]

1. d4 Nf6 2. c4 g6 3. Nc3 Bg7 4. e4 O-O 5. Nf3 d6 6. Be2 e5 7. Be3 a5 8. d5 Na6 9. Nd2 Ne8 10. f3 f5 11. O-O f4 12. Bf2 g5 13. a3 h5 14. b4 b6 15. Nb3 Nb8 16. c5 Rf6 17. c6 Rg6 18. b5 g4 19. Be1 g3 20. hxg3 fxg3 21. Bxg3 Qg5 22. Rf2 Qxg3 23. Qd3 Nf6 24. Nd2 Nbd7 25. cxd7 Bxd7 26. Nf1 Qh3 27. g3 Rxg3+ 28. Nxg3 Qxg3+ 29. Rg2 Qh4 30. Qe3 Bh3 31. Qg5 Qxg5 32. Rxg5 h4 33. Kh2 Bd7 34. Rag1 1-0

[Event "White Rook U14 Final 2019"]
[Site "Sochi"]
[Date "2019.06.06"]
[Round "4.30"]
[White "Kharkevich, Stepan"]
[Black "Komissarova, Soigina"]
[Result "1-0"]
[ECO "B20"]
[WhiteElo "1740"]
[BlackElo "1665"]
[Annotator "NA RC"]
[PlyCount "83"]
[EventDate "2019.06.02"]
[EventCountry "RUS"]
[SourceTitle "playchess.com"]
[Source "ChessBase"]
[SourceQuality "1"]
[TimeControl "5400+30"]

1. e4 c5 2. a3 e6 3. b4 d5 4. exd5 Qxd5 5. Bb2 cxb4 6. Nf3 f6 7. d4 Nc6 8. Bd3 Nh6 9. O-O Be7 10. c4 Qd8 11. d5 exd5 12. cxd5 Nb8 13. Qc2 O-O 14. Bxh7+ Kh8 15. Bd3 Bd7 16. Nh4 Be8 17. Qe2 Nd7 18. Re1 Bd6 19. Bc1 f5 20. Nf3 Ng4 21. Bg5 Qb8 22. h3 Nge5 23. Nxe5 Nxe5 24. f4 Nxd3 25. Qxd3 Bg6 26. Qd4 Qc7 27. axb4 a5 28. Kh2 Bxb4 29. Re6 Qf7 30. Nd2 Rfe8 31. Rae1 b5 32. R1e2 Rac8 33. Nf3 Bc3 34. Rxe8+ Qxe8 35. Rxe8+ Bxe8 36. Qd1 a4 37. d6 Bd7 38. Ne5 Bxe5 39. fxe5 a3 40. Qb3 Ra8 41. Bc1 a2 42. Bb2 1-0

[Event "White Rook U14 Final 2019"]
[Site "Sochi"]
[Date "2019.06.06"]
[Round "4.31"]
[White "Zhambalov, Bator"]
[Black "Kolobova, Sofiya"]
[Result "1-0"]
[ECO "C01"]
[WhiteElo "1865"]
[BlackElo "1100"]
[Annotator "NA RC"]
[PlyCount "87"]
[EventDate "2019.06.02"]
[EventCountry "RUS"]
[SourceTitle "playchess.com"]
[Source "ChessBase"]
[SourceQuality "1"]
[TimeControl "5400+30"]

1. e4 e6 2. d4 d5 3. exd5 exd5 4. Bd3 Nf6 5. Bg5 Be7 6. Nf3 h6 7. Bh4 Bg4 8. Nbd2 Nc6 9. c3 O-O 10. O-O Qd7 11. Qc2 Be6 12. Rfe1 Ng4 13. Bxe7 Nxe7 14. Nb3 b6 15. Ne5 Nxe5 16. Rxe5 f6 17. Re2 Bf5 18. Rxe7 Qxe7 19. Bxf5 Rfe8 20. Nd2 Qd6 21. Nf3 Qe7 22. h3 Qe2 23. Re1 Qxc2 24. Bxc2 Rxe1+ 25. Nxe1 Re8 26. Kf1 Re7 27. Bb3 c6 28. Nc2 Kf7 29. Nb4 c5 30. Nxd5 Rb7 31. Ne3+ Kg6 32. d5 b5 33. Bc2+ Kg5 34. Bf5 g6 35. Be6 Re7 36. c4 bxc4 37. Nxc4 f5 38. Ne5 Rb7 39. d6 Rxb2 40. d7 Rb1+ 41. Ke2 Rb2+ 42. Kf3 Rd2 43. Ke3 Rd1 44. Nd3 1-0

[Event "White Rook U14 Final 2019"]
[Site "Sochi"]
[Date "2019.06.06"]
[Round "4.32"]
[White "Tortochakova, Mariya"]
[Black "Sargaeva, Darima"]
[Result "0-1"]
[ECO "A45"]
[WhiteElo "1267"]
[BlackElo "1506"]
[Annotator "NA RC"]
[PlyCount "88"]
[EventDate "2019.06.02"]
[EventCountry "RUS"]
[SourceTitle "playchess.com"]
[Source "ChessBase"]
[SourceQuality "1"]
[TimeControl "5400+30"]

1. d4 Nf6 2. Bf4 c5 3. c3 e6 4. e3 cxd4 5. exd4 g6 6. Be2 d5 7. Nd2 Bg7 8. Qc2 Nc6 9. h4 h5 10. Ngf3 Bd7 11. Ne5 Rc8 12. Bg5 Nxd4 13. Qd3 Nf5 14. Nxd7 Qxd7 15. Qb5 Qxb5 16. Bxb5+ Ke7 17. O-O Bh6 18. Bxf6+ Kxf6 19. Nf3 Rhd8 20. Ba4 d4 21. cxd4 Nxd4 22. Nxd4 Rxd4 23. Bb3 Rxh4 24. Rfd1 Rc7 25. g3 Re4 26. Kf1 Ke7 27. Rab1 a5 28. a4 Rb4 29. Rd3 Rc1+ 30. Rxc1 Bxc1 31. Rc3 Bxb2 32. Rd3 b5 33. axb5 Rxb5 34. Ba4 Rb4 35. Rd7+ Kf6 36. Bd1 a4 37. Ra7 a3 38. Ra6 h4 39. gxh4 Rxh4 40. Ke2 Rh2 41. Ke3 g5 42. Ra4 e5 43. Bc2 Bd4+ 44. Ke2 Rxf2+ 0-1

[Event "White Rook U14 Final 2019"]
[Site "Sochi"]
[Date "2019.06.06"]
[Round "4.33"]
[White "Voloshkin, Daniil"]
[Black "Andrijashkin, Deniss"]
[Result "1/2-1/2"]
[ECO "C54"]
[WhiteElo "1557"]
[BlackElo "1891"]
[Annotator "NA RC"]
[PlyCount "93"]
[EventDate "2019.06.02"]
[EventCountry "RUS"]
[SourceTitle "playchess.com"]
[Source "ChessBase"]
[SourceQuality "1"]
[TimeControl "5400+30"]

1. e4 e5 2. Nf3 Nc6 3. Bc4 Bc5 4. c3 Nf6 5. d4 exd4 6. e5 d5 7. Bb5 Ne4 8. cxd4 Bb4+ 9. Nbd2 O-O 10. Bxc6 bxc6 11. O-O c5 12. dxc5 Ba6 13. Re1 Bxc5 14. Nxe4 dxe4 15. Ng5 Bb4 16. Qh5 h6 17. Rd1 Qe7 18. Nxe4 f5 19. Qg6 fxe4 20. Qxa6 Bc5 21. Qc4+ Kh8 22. Be3 Bxe3 23. fxe3 Qxe5 24. Qd4 Qg5 25. Rf1 Rfe8 26. Rac1 Rad8 27. Qc5 Rd5 28. Qxa7 Rd2 29. Rf2 Rxf2 30. Kxf2 Qf6+ 31. Kg1 Rf8 32. h3 Qf2+ 33. Kh2 Qxb2 34. Qxc7 Qxa2 35. Qe7 Qa8 36. Rc7 Rg8 37. Qe5 Qa3 38. Qd4 Qd3 39. Qxd3 exd3 40. Rd7 Re8 41. Rxd3 Kh7 42. g4 Re7 43. Kg3 g5 44. Kf3 Re6 45. Rd5 Kg6 46. e4 Ra6 47. Ke3 1/2-1/2

[Event "White Rook U14 Final 2019"]
[Site "Sochi"]
[Date "2019.06.06"]
[Round "4.34"]
[White "Sadekov, Maksim"]
[Black "Vorzhevitin, Dmitriy"]
[Result "1/2-1/2"]
[ECO "E61"]
[WhiteElo "1541"]
[BlackElo "1346"]
[Annotator "NA RC"]
[PlyCount "85"]
[EventDate "2019.06.02"]
[EventCountry "RUS"]
[SourceTitle "playchess.com"]
[Source "ChessBase"]
[SourceQuality "1"]
[TimeControl "5400+30"]

1. d4 Nf6 2. c4 g6 3. e3 Bg7 4. Nc3 d6 5. Nf3 Nbd7 6. Be2 c6 7. O-O O-O 8. Qc2 Qc7 9. Bd2 e5 10. Rfd1 Rd8 11. Be1 h5 12. dxe5 Nxe5 13. Nxe5 dxe5 14. Rxd8+ Qxd8 15. Rd1 Qc7 16. h3 Be6 17. b3 Rd8 18. Rxd8+ Qxd8 19. Qd2 Qc7 20. Bd3 Qc8 21. Ne4 Nxe4 22. Bxe4 Qd7 23. Qxd7 Bxd7 24. Bc3 f5 25. Bc2 Kf7 26. Kf1 b6 27. Ke2 c5 28. a4 a5 29. Bb1 Ke6 30. f3 Bf6 31. e4 f4 32. Be1 Kf7 33. Bd3 g5 34. Kd1 Kg6 35. Bf1 Bd8 36. Bc3 Bf6 37. Be1 g4 38. Kc2 g3 39. Kd1 Kg5 40. Kc2 Kh4 41. Kd1 Kg5 42. Kc2 Kg6 43. Kd1 1/2-1/2

[Event "White Rook U14 Final 2019"]
[Site "Sochi"]
[Date "2019.06.06"]
[Round "4.35"]
[White "Zenkov, Maksim"]
[Black "Lazojev, Mark"]
[Result "1-0"]
[ECO "C50"]
[WhiteElo "1394"]
[BlackElo "1179"]
[Annotator "NA RC"]
[PlyCount "93"]
[EventDate "2019.06.02"]
[EventCountry "RUS"]
[SourceTitle "playchess.com"]
[Source "ChessBase"]
[SourceQuality "1"]
[TimeControl "5400+30"]

1. e4 e5 2. Nf3 Nc6 3. d4 exd4 4. Bc4 Be7 5. c3 d6 6. cxd4 Bg4 7. Be3 Nf6 8. Qb3 Na5 9. Qa4+ c6 10. Bd3 b5 11. Qc2 Rc8 12. Nbd2 g6 13. Bh6 Qd7 14. Qc3 Nb7 15. a4 bxa4 16. Rxa4 Ra8 17. Ra6 c5 18. Qb3 Qc8 19. O-O cxd4 20. Bb5+ Bd7 21. Bxd7+ Qxd7 22. Rc1 Nc5 23. Rxc5 dxc5 24. Ne5 Qc7 25. Qxf7+ Kd8 26. Rxf6 Qxe5 27. Bg7 Bxf6 28. Bxf6+ Qxf6 29. Qxf6+ Kd7 30. e5 Rab8 31. Qd6+ Kc8 32. Qxc5+ Kd8 33. Ne4 Rxb2 34. Qxd4+ Ke7 35. Qxb2 Rd8 36. g3 Rd1+ 37. Kg2 Rd7 38. Qb4+ Kd8 39. e6 Rc7 40. Qd6+ Kc8 41. Nc5 Kb8 42. Na6+ Kb7 43. Qxc7+ Kxa6 44. Qb8 h5 45. e7 g5 46. e8=Q g4 47. Qeb5# 1-0

[Event "White Rook U14 Final 2019"]
[Site "Sochi"]
[Date "2019.06.06"]
[Round "4.36"]
[White "Poluektova, Arina"]
[Black "Golikova, Alisa"]
[Result "0-1"]
[ECO "C02"]
[WhiteElo "1313"]
[BlackElo "1252"]
[Annotator "NA RC"]
[PlyCount "74"]
[EventDate "2019.06.02"]
[EventCountry "RUS"]
[SourceTitle "playchess.com"]
[Source "ChessBase"]
[SourceQuality "1"]
[TimeControl "5400+30"]

1. e4 e6 2. d4 d5 3. e5 c5 4. c3 Nc6 5. Nf3 Qb6 6. Qb3 cxd4 7. Qxb6 axb6 8. cxd4 Nb4 9. Na3 Rxa3 10. bxa3 Nc2+ 11. Kd1 Nxa1 12. Bb2 Bd7 13. Kd2 Nh6 14. h3 Be7 15. Bd3 O-O 16. Rxa1 Ra8 17. Rc1 Bc6 18. Rc3 b5 19. Rc2 g6 20. g4 Bxa3 21. Bxa3 Rxa3 22. Rb2 Kg7 23. Ng1 Ng8 24. Ne2 b4 25. Nc1 Ra4 26. Bc2 Ra7 27. Rxb4 Ne7 28. Rb2 Nc8 29. Nd3 b5 30. Nc5 Nb6 31. Bd3 Nc4+ 32. Bxc4 dxc4 33. Kc3 Ra3+ 34. Kc2 Rxh3 35. Na6 Be4+ 36. Kd1 c3 37. Rxb5 Bd3 0-1

[Event "White Rook U14 Final 2019"]
[Site "Sochi"]
[Date "2019.06.06"]
[Round "5.2"]
[White "Pingin, Artem"]
[Black "Munkhzul, Davaakhuu"]
[Result "0-1"]
[ECO "C00"]
[WhiteElo "2108"]
[BlackElo "1806"]
[Annotator "RC"]
[PlyCount "144"]
[EventDate "2019.06.02"]
[EventCountry "RUS"]
[SourceTitle "playchess.com"]
[Source "ChessBase"]
[SourceQuality "1"]
[TimeControl "5400+30"]

1. e4 c5 2. Nf3 e6 3. g3 Nc6 4. Bg2 Nf6 5. Qe2 Be7 6. O-O O-O 7. c3 d5 8. e5 Nd7 9. d4 a6 10. Be3 b5 11. Nbd2 Bb7 12. h4 b4 13. Rfc1 c4 14. h5 h6 15. Nh2 Re8 16. Ng4 Bf8 17. f4 a5 18. Qf2 f5 19. exf6 Nxf6 20. Nxf6+ Qxf6 21. f5 Rad8 22. fxe6 Qxe6 23. Re1 Qg4 24. Bf3 Qf5 25. Qg2 Kh8 26. Nf1 Be7 27. Bf4 bxc3 28. bxc3 Qf7 29. Rab1 Bc8 30. Rb5 Be6 31. Rb6 Rc8 32. Rxe6 Qxe6 33. Bxd5 Qe1 34. Bd2 Qd1 35. Bf3 Qc2 36. Rxc6 Qxa2 37. Rxc8 Rxc8 38. d5 a4 39. Qe2 Bc5+ 40. Kh1 Rf8 41. Bf4 Qb1 42. Qxc4 Ba7 43. d6 a3 44. Bd5 a2 45. Qxa2 Qxf1+ 46. Kh2 Bg1+ 47. Kh1 Be3+ 48. Kh2 Rxf4 49. Bg2 Qg1+ 50. Kh3 Rf8 51. d7 Qd1 52. Qd5 Qxd5 53. Bxd5 Bb6 54. Kg4 Rf6 55. Be4 Rd6 56. Bf5 Ba5 57. Kf4 Bxc3 58. Ke4 Bf6 59. g4 Kg8 60. Ke3 Kf7 61. Bg6+ Ke7 62. Bf5 Rd4 63. Kf3 Kd6 64. Ke3 Ke5 65. Kf3 Bg5 66. Ke2 Kf4 67. Kf1 Kf3 68. d8=R Bxd8 69. Bd3 Rxd3 70. Kg1 Rd1+ 71. Kh2 Bc7+ 72. Kh3 Rh1# 0-1

[Event "White Rook U14 Final 2019"]
[Site "Sochi"]
[Date "2019.06.06"]
[Round "5.3"]
[White "Aldar Burentegsh"]
[Black "Shirkunov, Alexandr"]
[Result "1/2-1/2"]
[ECO "B13"]
[WhiteElo "1812"]
[BlackElo "1557"]
[Annotator "NA RC"]
[PlyCount "120"]
[EventDate "2019.06.02"]
[EventCountry "RUS"]
[SourceTitle "playchess.com"]
[Source "ChessBase"]
[SourceQuality "1"]
[TimeControl "5400+30"]

1. e4 c6 2. d4 d5 3. exd5 cxd5 4. Bd3 Nc6 5. c3 Nf6 6. h3 g6 7. Nf3 {[%emt 0:00:00] B13: Caro-Kann: Exchange Variation and Panov-Botvinnik Attack} Bf5 8. Bg5 (8. Be2 Bg7 9. O-O O-O 10. Bf4 Ne4 11. Nbd2 Re8 12. Re1 h6 13. Bf1 g5 14. Bh2 Qd7 15. Nxe4 Bxe4 {1-0 (35) Caruana,F (2828)-Shankland,S (2725) chess.com INT 2019}) 8... Bg7 9. O-O O-O 10. Bxf5 gxf5 11. Bxf6 Bxf6 12. Qd3 $146 ({Predecessor:} 12. Re1 e6 13. Nbd2 Kh8 14. Ne5 Bxe5 15. dxe5 Rg8 {0-1 (60) Kocheev,A (2355)-Chigaev,M (2526) Minsk 2015}) 12... e6 13. Nbd2 Qc7 14. Rfe1 Kh8 15. c4 dxc4 16. Qxc4 Rfd8 17. Nb3 Qf4 18. Rad1 Rd5 19. Re3 Rad8 20. g3 Qh6 21. Kg2 ({White should play} 21. Kh2) 21... Rg8 (21... e5 $17 22. Ree1 Kg7) 22. Nc5 {[%emt 0:00:53] [#]} ({Better is} 22. Qc1 $15) 22... Rxg3+ $1 23. fxg3 Qxe3 24. Nb3 Qh6 25. Rd3 Qf8 26. a3 (26. Nc1 $142) 26... Qd8 27. Nc5 Nxd4 28. Nxb7 Qb6 29. Qb4 Qxb4 30. axb4 Nxf3 31. Rxd5 Ne1+ 32. Kf1 exd5 33. Kxe1 Bxb2 34. b5 Kg8 35. Nd6 f6 36. Nxf5 Kf7 37. Ke2 Ke6 38. g4 Kd7 39. Ng7 $2 (39. Kd2 $17) 39... Kc7 40. Nf5 Kb6 41. Ne7 Kxb5 42. Nxd5 Kc4 43. Ne3+ Kb3 44. Kd3 a5 45. Nc4 a4 46. h4 Be5 47. Nd2+ Kb4 48. Kc2 a3 49. Kb1 Kc3 50. Nf3 Kd3 51. g5 Ke4 $19 52. Nd2+ Kf5 53. Nc4 Kg4 54. Nxa3 f5 55. Kc1 Kxh4 56. Kd2 Bf4+ 57. Ke2 Kg4 58. Nc2 Bxg5 59. Nd4 {[%emt 0:00:38] [#]} h5 $2 ({Better is} 59... f4 $1 $19 60. Kf2 Bd8) 60. Nxf5 Kxf5 1/2-1/2

[Event "White Rook U14 Final 2019"]
[Site "Sochi"]
[Date "2019.06.06"]
[Round "5.4"]
[White "Toledo Flores, Marianna"]
[Black "Unurzul, Davaakhuu"]
[Result "0-1"]
[ECO "E06"]
[WhiteElo "1530"]
[BlackElo "1442"]
[Annotator "NA RC"]
[PlyCount "138"]
[EventDate "2019.06.02"]
[EventCountry "RUS"]
[SourceTitle "playchess.com"]
[Source "ChessBase"]
[SourceQuality "1"]
[TimeControl "5400+30"]

1. Nf3 Nc6 2. d4 d5 3. c4 Nf6 4. g3 e6 5. Bg2 Be7 6. O-O O-O 7. Qc2 h6 8. Rd1 Nb4 9. Qb3 a5 10. a4 Ne4 11. Ne5 c5 12. Nc3 cxd4 13. Nxe4 dxe4 14. Bxe4 Qc7 15. f4 Bc5 16. Kh1 Rb8 17. Bg2 b6 18. Nf3 Rd8 19. Bd2 Bb7 20. Be1 Be4 21. Rd2 d3 22. exd3 Nxd3 23. Re2 Qb7 24. Nh4 Bxg2+ 25. Rxg2 g5 26. fxg5 hxg5 27. Qc3 gxh4 28. gxh4+ Kf8 29. Qg7+ Ke7 30. Qg5+ Kd7 31. Rd1 Kc8 32. Qg4 f5 33. Qe2 Nf2+ 34. Bxf2 Rxd1+ 35. Qxd1 Bxf2 36. Qe2 Bxh4 37. Qxe6+ Kd8 38. Kg1 Qe7 39. Qxf5 Qe1+ 40. Qf1 Qxf1+ 41. Kxf1 Kd7 42. Ke2 Kc6 43. Kd3 Kc5 44. b3 Rd8+ 45. Kc2 Kb4 46. Rg4 Be1 47. Rg2 Rh8 48. Re2 Bc3 49. Rg2 Rh3 50. Rf2 Be5 51. Rf5 Rxh2+ 52. Kd3 Bc7 53. Rb5+ Ka3 54. c5 bxc5 55. Rxc5 Bd8 56. Rb5 Rh7 57. Kc4 Ra7 58. Kd5 Be7 59. Kc4 Bb4 60. Rh5 Rc7+ 61. Kb5 Kxb3 62. Rh3+ Rc3 63. Rh5 Re3 64. Rf5 Re4 65. Rf1 Re5+ 66. Ka6 Kxa4 67. Rf3 Re6+ 68. Kb7 Kb5 69. Rf5+ Bc5 0-1